 Dungeon Crawl Stone Soup version 0.31.0-1-g2c135a0 (webtiles) character file.

Game seed: 16748706332730409011

163873 BRODOK the Peltast (level 17, -3/127 HPs)
             Began as an Octopode Delver on Mar 30, 2024.
             Was an Initiate of Gozag.
             Slain by the 27-headed Lernaean hydra (5 damage)
             ... on level 4 of the Swamp on Apr 2, 2024.
             The game lasted 09:03:16 (34044 turns).

BRODOK the Peltast (Octopode Delver)               Turns: 34044, Time: 09:03:17

Health: -3/127     AC: 11    Str: 14    XL:     17   Next: 84%
Magic:  17/17      EV: 30    Int: 20    God:    Gozag
Gold:   5203       SH: 17    Dex: 22    Spells: 13/16 levels left

rFire   + + .        a - +10 short sword of Impatience {speed, rF+ rCorr Dex+3}
rCold   . . .        k - +3 warlock's mirror {omnireflect}
rNeg    + . .        r - +2 hat
rPois   .            D - amulet of reflection
rElec   .            p - +4 ring of protection
rCorr   +            v - ring of willpower
SInv    .            x - +4 ring of protection
Will    +++..        M - +6 ring of dexterity
Stlth   ++++++++     h - ring of resist corrosion
HPRegen 0.41/turn    c - ring "Wediun" {rF+ rN+ Int+6 Dex-4}
MPRegen 0.15/turn    Y - +5 ring of evasion
                     q - ring of willpower

%: reflection
@: mighty, about to teleport, gold aura, invisible
A: almost no armour, amphibious, 8 rings, camouflage 1, gelatinous body 1,
nimble swimmer 1, tentacles
a: Renounce Religion, Potion Petition, Call Merchant, Bribe Branch


You were on level 4 of the Swamp.
You worshipped Gozag.
Gozag was greatly pleased with you.
You visited 5 branches of the dungeon, and saw 27 of its levels.
You also visited: Sewer and Gauntlet.

You collected 10473 gold pieces.
You spent 1972 gold pieces at shops.
You paid 3298 gold pieces to Gozag.

Inventory:

Hand Weapons
 a - the +10 short sword of Impatience (weapon) {speed, rF+ rCorr Dex+3}
   (You found it on level 11 of the Dungeon)

   Dex+3:     It affects your dexterity (+3).
   rF+:       It protects you from fire.
   rCorr:     It protects you from acid and corrosion.
 z - the +5 demon whip "Spellbinder" {antimagic, disrupt, Will+}
   (You found it on level 1 of the Lair of Beasts)

   Will+:     It increases your willpower.
Missiles
 L - a javelin (quivered)
Armour
 k - the +3 warlock's mirror (worn) {omnireflect}
   (You acquired it on level 2 of the Dungeon)

   Omnireflect: It can block and reflect piercing ranged attacks and magical
   attacks against the wielder's willpower.
 r - a +2 hat (worn)
Jewellery
 c - the ring "Wediun" (on tentacle) {rF+ rN+ Int+6 Dex-4}
   (You acquired it on level 2 of the Orcish Mines)

   [ring of intelligence]

   Int+6:     It affects your intelligence (+6).
   Dex-4:     It affects your dexterity (-4).
   rF+:       It protects you from fire.
   rN+:       It protects you from negative energy.
 g - an amulet of regeneration
 h - a ring of resist corrosion (on tentacle)
 p - a +4 ring of protection (left tentacle)
 q - a ring of willpower (on tentacle)
 v - a ring of willpower (right tentacle)
 x - a +4 ring of protection (on tentacle)
 y - a ring of protection from fire
 D - an amulet of reflection (around mantle)
 E - a ring of wizardry
 G - a ring of protection from cold
 H - a ring of Vehumet's Castigation {MP+9 Str+5}
   (You found it on level 2 of the Swamp)

   [ring of magical power]

   Str+5:     It affects your strength (+5).
   MP+9:      It affects your magic capacity (+9).
 M - a +6 ring of dexterity (on tentacle)
 R - a +6 ring of strength
 V - a ring of see invisible
 X - a ring of wizardry
 Y - a +5 ring of evasion (on tentacle)
Wands
 f - a wand of digging (6)
Scrolls
 b - 2 scrolls of fog
 d - a scroll of poison
 j - 6 scrolls of identify
 l - 2 scrolls of revelation
 m - 2 scrolls of teleportation
 o - 4 scrolls of immolation
 u - a scroll of torment
 A - a scroll of brand weapon
 B - 4 scrolls of enchant armour
 K - 6 scrolls of enchant weapon
 O - a scroll of silence
Potions
 e - 2 potions of resistance
 n - a potion of magic
 t - a potion of mutation
 w - 6 potions of enlightenment
 C - 2 potions of cancellation
 I - 2 potions of might
 P - a potion of invisibility
 S - a potion of lignification
Miscellaneous
 i - a phantom mirror (inert)


   Skills:
 - Level 15.0 Fighting
 - Level 15.0 Short Blades
 + Level 4.5 Throwing
 - Level 15.0 Dodging
 - Level 15.0 Stealth
 - Level 16.5 Shields


You had 13 spell levels left.
You knew the following spells:

 Your Spells              Type           Power      Damage    Failure   Level
a - Passwall              Erth           0%         N/A       54%         3

Your spell library contained the following spells:

 Spells                   Type           Power      Damage    Failure   Level
 Magic Dart               Conj           0%         1d3       22%         1
 Necrotise                Necr           0%         1d4       22%         1
 Blink                    Tloc           0%         N/A       32%         2
 Call Imp                 Summ           0%         N/A       32%         2
 Cigotuvi's Dreadful Rot  Necr/Alch/Air  0%         N/A       32%         2
 Ensorcelled Hibernation  Hex/Ice        0%         N/A       32%         2
 Lesser Beckoning         Tloc           0%         N/A       32%         2
 Momentum Strike          Conj/Tloc      0%         3d8       32%         2
 Sublimation of Blood     Necr           0%         N/A       32%         2
 Fugue of the Fallen      Necr           0%         N/A       54%         3
 Hailstorm                Conj/Ice       0%         3d5       54%         3
 Inner Flame              Hex/Fire       0%         N/A       54%         3
 Ozocubu's Armour         Ice            0%         N/A       54%         3
 Summon Ice Beast         Ice/Summ       0%         N/A       54%         3
 Swiftness                Air            0%         N/A       54%         3
 Tukima's Dance           Hex            0%         N/A       54%         3
 Anguish                  Hex/Necr       0%         N/A       91%         4
 Cause Fear               Hex            0%         N/A       91%         4
 Dimensional Bullseye     Hex/Tloc       0%         N/A       91%         4
 Iskenderun's Mystic Bla  Conj/Tloc      0%         2d3       91%         4
 Manifold Assault         Tloc           0%         N/A       91%         4
 Passage of Golubria      Tloc           0%         N/A       91%         4
 Vhi's Electric Charge    Tloc/Air       0%         N/A       91%         4
 Arcjolt                  Conj/Air       0%         1d10      99%         5
 Irradiate                Conj/Alch      0%         3d11      99%         5
 Silence                  Hex/Air        0%         N/A       99%         5
 Eringya's Noxious Bog    Alch           0%         4d6       100%        6
 Plasma Beam              Fire/Air       0%         2x1d10    100%        6
 Sculpt Simulacrum        Ice/Alch       0%         N/A       100%        6
 Enfeeble                 Hex            0%         N/A       100%        7
 Ignition                 Fire           0%         3d3       100%        8
 Lehudib's Crystal Spear  Conj/Erth      0%         10d2      100%        8
 Animate Dead             Necr           Unusable   N/A       N/A         4

Dungeon Overview and Level Annotations

Branches:
Dungeon (15/15)            Temple (1/1) D:7            Lair (5/5) D:11
  Swamp (4/4) Lair:3        Snake (0/4) Lair:2        Slime (0/5) Lair:4
    Orc (2/2) D:11            Elf (0/3) Orc:2        Vaults (0/5) D:14
 Depths (0/4) D:15          Sewer (visited)         Gauntlet (visited)

Altars:
Ashenzari
Cheibriados
Dithmenos
Elyvilon
Fedhas
Gozag
Hepliaklqana
Kikubaaqudgha
Makhleb
Nemelex Xobeh
Okawaru
Qazlal
Ru
Sif Muna
Trog
Uskayaw
Vehumet
Wu Jian
Xom
Yredelemnul
Zin
The Shining One
Jiyva

Shops:
D:3 :   D:4 *   D:8 ?   D:9 ::   D:13 *   Orc:2 ?!?[*   Lair:1 *   Lair:3 (

Annotations:
Swamp:4 Lernaean hydra


Innate Abilities, Weirdness & Mutations

You cannot wear most types of armour.
You are amphibious.
You can wear up to eight rings at the same time.
Your skin changes colour to match your surroundings (Stealth+).
Your rubbery body absorbs attacks. (AC +1, EV +1)
You are camouflaged when in or above water. (Stealth+)
You have tentacles for arms and can constrict up to eight enemies at once.


Message History

The 27-headed Lernaean hydra closely misses you.
The 27-headed Lernaean hydra completely misses you.
The 27-headed Lernaean hydra misses you. x2
You block the 27-headed Lernaean hydra's attack. x2
The 27-headed Lernaean hydra bites you. x3
The 27-headed Lernaean hydra misses you.
The 27-headed Lernaean hydra bites you but does no damage.
The 27-headed Lernaean hydra misses you.
The 27-headed Lernaean hydra bites you. The 27-headed Lernaean hydra bites you!
The 27-headed Lernaean hydra barely misses you.
The 27-headed Lernaean hydra bites you but does no damage. x2
The 27-headed Lernaean hydra barely misses you.
The 27-headed Lernaean hydra completely misses you.
The 27-headed Lernaean hydra bites you.
* * * LOW HITPOINT WARNING * * *
The 27-headed Lernaean hydra misses you.
The 27-headed Lernaean hydra completely misses you.
The 27-headed Lernaean hydra bites you.
* * * LOW HITPOINT WARNING * * *
The 27-headed Lernaean hydra completely misses you.
The 27-headed Lernaean hydra closely misses you.
The 27-headed Lernaean hydra bites you.
* * * LOW HITPOINT WARNING * * *
The 27-headed Lernaean hydra closely misses you.
As you read the scroll of teleportation, it crumbles to dust.
You feel strangely unstable.
The 27-headed Lernaean hydra misses you.
The 27-headed Lernaean hydra barely misses you. x2
You block the 27-headed Lernaean hydra's attack. x2
The 27-headed Lernaean hydra bites you.
* * * LOW HITPOINT WARNING * * *
The 27-headed Lernaean hydra misses you.
The 27-headed Lernaean hydra bites you!
* * * LOW HITPOINT WARNING * * *
The 27-headed Lernaean hydra bites you but does no damage. x2
The 27-headed Lernaean hydra bites you!
* * * LOW HITPOINT WARNING * * *
The 27-headed Lernaean hydra bites you.
You die...
Your body crumbles into a pile of gold.

.~♣♣♣♣♣.~~~~~~.♣♣ ♣♣.~...~♣♣♣♣
♣♣♣***♣♣........♣♣♣♣♣.~~~~♣..♣
*~.~^.♣~~~$..♣~....♣~.))~.~..♣♣♣♣
***♣....~~..§§~§.~.~~~.)~~♣♣♣~~~♣
♣~..~§♣≈$~~#.[..~~...~♣♣♣♣~~~~
♣♣~~~♣♣♣≈~~~....~..~..♣♣♣~~~~♣
♣♣~♣* ♣♣≈~.♣.#~.[♣.~~~♣♣♣.~[♣
♣♣*♣♣**♣♣♣~....♣♣~.~~~♣♣♣~.~ *
###* ♣≈.♣♣*♣♣@~§♣♣..~.~~♣ ♣.~~
*###≈≈#####≈.♣♣≈D..♣....~~♣♣ ♣~~~
~≈≈≈§~≈#~####~♣≈.~.♣..~♣♣♣♣*♣♣♣~.
,#..≈~≈.~≈#~.D.~....~~~♣♣♣♣♣.~♣♣.
,D~..~~.~D~(~......~~...♣♣.~.~.♣~
,#~.~$~~(~##.(.♣♣..♣...~♣~~~.~♣♣~
*~#.≈~≈≈######.♣♣≈..♣~§♣.)~...♣♣♣
~§~.#D##* **~.♣♣♣~~...~~~..~.♣♣
~.≈.≈≈~****~.♣♣≈~........~...♣♣


You could see the 27-headed Lernaean hydra.

Vanquished Creatures
  Jorgrun (Orc:1)
  A thorn hunter (Swamp:3)
  Agnes (D:15)
  4 fenstrider witches
  An emperor scorpion (D:15)
  3 ghouls (Swamp:2)
  2 eleionomae
  A dire elephant (D:15)
  A minotaur (Gauntlet)
  8 bunyips
  An ettin (D:11)
  2 fire dragons
  A shambling mangrove (Swamp:3)
  Fannar (Lair:1)
  The ghost of holocube the Thaumaturge, a journeyman FeCj of Vehumet (Lair:4)
  A great orb of eyes (D:13)
  15 hydras
  A rakshasa (D:14)
  The ghost of IAmTheZeppo the Fighter, a journeyman DjAl of Makhleb (D:10)
  An ogre mage (D:15)
  6 ghost crabs
  5 catoblepae
  6 alligators
  The ghost of Estrea the Metallomancer, a journeyman GrEE of Vehumet (D:11)
  7 two-headed ogres
  5 centaur warriors
  4 boulder beetles
  5 tengu warriors
  A death knight (D:14)
  12 death yaks
  3 orc high priests (Orc:2)
  Urug (Orc:1)
  4 hell knights (D:13)
  5 skeletal warriors
  2 skysharks
  5 goliath frogs
  6 spriggan druids
  5 swamp dragons
  3 arcanists
  A death drake (Swamp:2)
  A lindwurm (Lair:2)
  9 bog bodies
  3 necromancers (D:13)
  4 orc knights (Orc:2)
  3 deep elf pyromancers
  2 oklob plants (Lair:3)
  6 ugly things
  A cyclops (D:14)
  5 manticores
  9 elephants
  3 orc sorcerers (Orc:2)
  4 black mambas
  2 rust devils (D:13)
  3 will-o-the-wisps
  An orange demon (D:13)
  2 kobold blastminers
  2 torpor snails
  3 centaur skeletons (D:14)
  18 cane toads
  2 gargoyles
  3 rime drakes
  4 yaktaurs (D:14)
  An unseen horror (shapeshifter) (D:14)
  2 yaktaurs (shapeshifter)
  7 komodo dragons
  An unseen horror (D:12)
  Maggie (D:7)
  2 efreet
  A freezing wraith (D:14)
  Psyche (D:8)
  A kobold demonologist (D:14)
  2 bloated husks
  11 tyrant leeches
  A queen bee (shapeshifter) (D:15)
  7 trolls
  3 polar bears
  Grinder (D:3)
  12 hornets
  6 blink frogs
  A raiju (shapeshifter) (D:14)
  2 dream sheep (Lair:3)
  8 slime creatures
  18 spriggans
  A vampire (D:14)
  4 wraiths
  6 wyverns
  4 wargs
  61 yaks
  A yak (shapeshifter) (D:14)
  6 basilisks
  12 vampire mosquitoes
  A steam dragon (D:9)
  22 swamp worms
  4 nagas (Lair:2)
  21 water moccasins
  7 hell hounds (D:13)
  16 orc warriors
  7 swamp drakes
  2 sky beasts
  2 black bears
  8 ogres
  15 wolves
  17 centaurs
  A phantom (D:5)
  Blork the orc (D:5)
  6 kobold brigands
  2 gnoll sergeants
  13 bullfrogs
  2 scorpions
  A burial acolyte (D:7)
  6 wights
  A hornet simulacrum (D:14)
  3 electric eels (D:11)
  4 howler monkeys
  8 hounds
  Crazy Yiuf (D:5)
  A gnoll bouda (D:5)
  3 iguanas (D:6)
  14 orc priests
  5 jellies
  A sleepcap (D:5)
  Jessica (D:3)
  9 hell rats
  16 orc wizards
  A boggart skeleton (D:14)
  A hound zombie (D:7)
  12 gnolls
  7 adders
  5 shadow imps
  2 white imps
  2 adder zombies (D:7)
  13 dart slugs
  61 orcs
  13 ball pythons
  19 endoplasms
  7 giant cockroaches
  A gnoll zombie (D:7)
  5 goblins
  6 hobgoblins
  17 kobolds
  6 quokkas
  3 bats
  17 frilled lizards
  3 kobold zombies (D:7)
  6 rats
837 creatures vanquished.

Vanquished Creatures (collateral kills)
  A hydra (Lair:3)
  A swamp dragon (Swamp:4)
  A komodo dragon (Lair:1)
  A hornet (Swamp:4)
  A blink frog (Lair:1)
  A yak (Lair:1)
  2 swamp drakes (Swamp:4)
8 creatures vanquished.

Vanquished Creatures (others)
  6 bloated husks
  A spriggan (Swamp:1)
  An orc warrior (D:10)
  An orc priest (D:10)
  15 foxfires
24 creatures vanquished.

Grand Total: 869 creatures vanquished

Notes
Turn   | Place    | Note
-------+----------+-------------------------------------------
     0 | D:5      | BRODOK the Octopode Delver began the quest for the Orb.
     0 | D:5      | Reached XP level 1. HP: 16/16 MP: 1/1
    34 | D:5      | Noticed a phantom
    78 | D:4      | Found a burning altar of Makhleb.
    78 | D:4      | Noticed a balrug
   120 | D:4      | Found a glowing drain.
   124 | Sewer    | Entered a sewer
   150 | Sewer    | Reached XP level 2. HP: 21/21 MP: 2/2
   362 | Sewer    | Reached XP level 3. HP: 27/27 MP: 3/3
   460 | Sewer    | Reached XP level 4. HP: 33/33 MP: 4/4
   553 | Sewer    | Noticed a bullfrog
   553 | Sewer    | Noticed a bullfrog
   565 | Sewer    | Killed a bullfrog
   566 | Sewer    | Reached skill level 5 in Fighting
   566 | Sewer    | Reached XP level 5. HP: 25/39 MP: 5/5
   773 | D:4      | Found a glowing silver altar of Zin.
   773 | D:4      | Noticed an angel
   872 | D:3      | Reached XP level 6. HP: 45/45 MP: 6/6
   959 | D:3      | Noticed Jessica
   981 | D:2      | Identified 2 scrolls of acquirement
   981 | D:2      | Acquired the +3 warlock's mirror {omnireflect}
   981 | D:2      | Found the +3 warlock's mirror {omnireflect}
   987 | D:2      | Acquired 567 gold pieces
  1798 | D:2      | Reached skill level 1 in Shields
  2350 | D:3      | Found Giavyp's Vocational Training.
  2367 | D:3      | Noticed Grinder
  2377 | D:3      | Paralysed by Grinder for 3 turns
  2858 | D:3      | Found a hide-covered altar of Uskayaw.
  2867 | D:3      | Killed Jessica
  3142 | D:4      | Reached skill level 2 in Shields
  3304 | D:4      | Found Jifex's Serpentskin Sales.
  3304 | D:4      | Noticed a water moccasin
  3312 | D:4      | Killed a water moccasin
  3313 | D:4      | Reached skill level 3 in Shields
  3313 | D:4      | Reached XP level 7. HP: 45/50 MP: 7/7
  3584 | D:3      | Killed Grinder
  3585 | D:3      | Reached skill level 4 in Shields
  3653 | D:5      | Found a runed translucent door.
  3654 | D:5      | Noticed Crazy Yiuf
  3661 | D:5      | Killed Crazy Yiuf
  3807 | D:5      | Noticed Blork the orc
  3820 | D:5      | Reached skill level 5 in Dodging
  3820 | D:5      | Reached XP level 8. HP: 47/56 MP: 8/8
  3822 | D:5      | Killed Blork the orc
  3982 | D:5      | Reached skill level 5 in Shields
  4732 | D:6      | Reached skill level 5 in Short Blades
  4811 | D:6      | Reached XP level 9. HP: 62/62 MP: 9/9
  5129 | D:7      | Noticed Maggie
  5322 | D:7      | Found a staircase to the Ecumenical Temple.
  5333 | Temple   | Entered the Ecumenical Temple
  5367 | Temple   | Became a worshipper of Gozag Ym Sagoz the Greedy
  5667 | D:7      | Found an ancient bone altar of Kikubaaqudgha.
  5872 | D:7      | Found a radiant altar of Vehumet.
  5872 | D:7      | Found a glowing golden altar of the Shining One.
  5872 | D:7      | Found a white marble altar of Elyvilon.
  5921 | D:7      | Killed Maggie
  5992 | D:7      | Reached XP level 10. HP: 68/68 MP: 10/10
  6059 | D:7      | Reached skill level 10 in Short Blades
  6608 | D:8      | Noticed a two-headed ogre
  6618 | D:8      | Killed a two-headed ogre
  6645 | D:8      | Bought a scroll of identify for 30 gold pieces
  6645 | D:8      | Bought a scroll of identify for 30 gold pieces
  6645 | D:8      | Bought a scroll of identify for 30 gold pieces
  6645 | D:8      | Bought a scroll of noise for 15 gold pieces
  6955 | D:8      | Noticed Psyche
  6963 | D:8      | Killed Psyche
  7151 | D:9      | Found Fynesmay's Self-Published Books.
  7564 | D:9      | Found Haramuot's Tremendous Tomes.
  7814 | D:10     | Entered Level 10 of the Dungeon
  8007 | D:10     | Found a shimmering blue altar of Sif Muna.
  8160 | D:10     | Found a runed translucent gate.
  8161 | D:10     | Found a runed translucent gate.
  8162 | D:10     | Found a runed translucent gate.
  8164 | D:10     | Noticed IAmTheZeppo's ghost (journeyman DjAl)
  8234 | D:10     | Noticed a two-headed ogre
  8242 | D:10     | Killed a two-headed ogre
  8243 | D:10     | Reached skill level 10 in Dodging
  8349 | D:10     | Identified the +5 longbow "Juall" {heavy, rF+}
  8370 | D:10     | Noticed a tengu warrior
  8372 | D:10     | Noticed a tengu warrior
  8376 | D:10     | Killed a tengu warrior
  8377 | D:10     | Reached skill level 10 in Stealth
  8377 | D:10     | Reached XP level 11. HP: 72/72 MP: 11/11
  8380 | D:10     | Killed a tengu warrior
  8964 | D:11     | Found a runed translucent door.
  8965 | D:11     | Noticed Estrea's ghost (journeyman GrEE)
  9076 | D:11     | Found a staircase to the Lair.
  9287 | D:11     | Noticed a manticore
  9289 | D:11     | Killed a manticore
  9346 | D:11     | Found a staircase to the Orcish Mines.
  9352 | D:11     | Identified the +0 leather armour "Ysamumis" {rC+ rN+ Will-
                  | MP+9}
  9694 | D:11     | Noticed a fire dragon
  9694 | D:11     | Noticed an ettin
  9698 | D:11     | Noticed a manticore
  9748 | D:11     | Killed a manticore
  9749 | D:11     | Noticed a skeletal warrior
 10212 | D:11     | Killed an ettin
 10497 | D:11     | Identified the +10 short sword of Impatience {speed, rF+
                  | rCorr Dex+3}
 10585 | Lair:1   | Entered Level 1 of the Lair of Beasts
 10585 | Lair:1   | Noticed a death yak
 10615 | Lair:1   | Reached skill level 10 in Fighting
 10659 | Lair:1   | Reached skill level 6 in Shields
 10676 | Lair:1   | HP: 3/81 [komodo dragon (27)]
 10724 | Lair:1   | Reached skill level 7 in Shields
 10750 | Lair:1   | Reached XP level 12. HP: 17/87 MP: 12/12
 10942 | Lair:1   | Reached skill level 8 in Shields
 11242 | Lair:1   | Bought a scroll of fear for 44 gold pieces
 11269 | Lair:1   | Noticed Fannar
 11303 | Lair:1   | Killed Fannar
 11503 | Lair:1   | Killed a death yak
 11932 | Lair:1   | Found the +5 demon whip "Spellbinder" {antimagic, disrupt,
                  | Will+}
 11961 | Lair:1   | Found a shimmering blue altar of Sif Muna.
 12554 | Lair:2   | Reached skill level 15 in Stealth
 12554 | Lair:2   | Reached skill level 9 in Shields
 12841 | Lair:2   | Reached XP level 13. HP: 80/92 MP: 13/13
 12855 | Lair:2   | Reached skill level 10 in Shields
 13015 | Lair:2   | You fall into a shaft and drop 2 floors!
 13142 | Lair:4   | Found a gate leading to a gauntlet.
 13151 | Gauntlet | Entered a Gauntlet
 13151 | Gauntlet | Found a transporter.
 13157 | Gauntlet | Noticed a blizzard demon
 13160 | Gauntlet | Found a transporter.
 13172 | Gauntlet | Found a transporter.
 13176 | Gauntlet | Found a transporter.
 13187 | Gauntlet | Found a transporter.
 13204 | Gauntlet | Noticed a blizzard demon
 13207 | Gauntlet | Found a transporter.
 13214 | Gauntlet | Found a transporter.
 13215 | Gauntlet | Found a transporter.
 13248 | Gauntlet | Found a transporter.
 13248 | Gauntlet | Found a transporter.
 13256 | Gauntlet | Found a transporter.
 13286 | Gauntlet | Found a transporter.
 13341 | Gauntlet | Identified the +2 pair of boots "Rataug" {+Blink rElec
                  | rCorr}
 13362 | Gauntlet | Identified the ring of Uficre {Fire Will- Str-3 Int+8 SInv}
 13380 | Gauntlet | HP: 4/92 [poisoned by an arcanist]
 13701 | Gauntlet | Noticed a minotaur
 13723 | Gauntlet | Killed a minotaur
 14091 | Lair:4   | Found a viscous altar of Jiyva.
 14131 | Lair:4   | Noticed holocube's ghost (journeyman FeCj)
 14136 | Lair:4   | Found a runed translucent door.
 14165 | Lair:4   | Killed holocube's ghost
 14712 | Lair:2   | Found a staircase to the Snake Pit.
 16116 | Lair:3   | Found a blossoming altar of Fedhas.
 16382 | Lair:3   | Found a staircase to the Swamp.
 16561 | Lair:4   | Reached skill level 11 in Shields
 16561 | Lair:4   | Reached XP level 14. HP: 103/103 MP: 14/14
 16597 | Lair:4   | Found a staircase to the Slime Pits.
 16843 | Lair:5   | Entered Level 5 of the Lair of Beasts
 17165 | Lair:5   | Reached skill level 12 in Shields
 19103 | D:11     | Killed Estrea's ghost
 19198 | D:10     | Killed IAmTheZeppo's ghost
 19553 | Orc:1    | Entered Level 1 of the Orcish Mines
 19675 | Orc:1    | Noticed Urug
 19685 | Orc:1    | Killed Urug
 19830 | Orc:1    | Reached XP level 15. HP: 108/108 MP: 15/15
 19994 | Orc:1    | Noticed Jorgrun
 20015 | Orc:1    | Killed Jorgrun
 20212 | Orc:2    | Entered Level 2 of the Orcish Mines
 20607 | Orc:2    | Found a staircase to the Elven Halls.
 20628 | Orc:2    | Found Turiafex's General Store.
 20645 | Orc:2    | Bought a potion of haste for 130 gold pieces
 20645 | Orc:2    | Bought a scroll of revelation for 97 gold pieces
 20645 | Orc:2    | Bought a scroll of teleportation for 39 gold pieces
 20645 | Orc:2    | Bought a scroll of teleportation for 39 gold pieces
 21318 | Orc:2    | Reached skill level 15 in Dodging
 21477 | Orc:2    | Found Toshram's Distillery.
 21477 | Orc:2    | Found Aluwnu's Magic Scroll Emporium.
 21479 | Orc:2    | Found Tuonli's Armour Shop.
 21479 | Orc:2    | Found Ponuud's Magic Scroll Emporium.
 21540 | Orc:2    | Bought a scroll of acquirement for 676 gold pieces
 21541 | Orc:2    | Acquired the ring "Wediun" {rF+ rN+ Int+6 Dex-4}
 21544 | Orc:2    | Bought a scroll of teleportation for 39 gold pieces
 21544 | Orc:2    | Bought a scroll of revelation for 97 gold pieces
 21546 | Orc:2    | Bought a scroll of teleportation for 36 gold pieces
 21546 | Orc:2    | Bought a scroll of immolation for 48 gold pieces
 21549 | Orc:2    | Bought a potion of heal wounds for 75 gold pieces
 21549 | Orc:2    | Bought a potion of mutation for 120 gold pieces
 21549 | Orc:2    | Bought a potion of might for 60 gold pieces
 22265 | D:12     | Found the +9 sword of Power {lifebolt}
 22606 | D:13     | Bought a scroll of blinking for 157 gold pieces
 22606 | D:13     | Bought a scroll of teleportation for 63 gold pieces
 22606 | D:13     | Bought a bone dagger for 147 gold pieces
 22606 | D:13     | Identified the +3 dagger of Dissent {freeze, Will+ Stlth+}
                  | (You bought it in a shop on level 13 of the Dungeon)
 22611 | D:13     | Learned a level 3 spell: Passwall
 22819 | D:13     | Found the +0 pair of fencer's gloves {Riposte Dex+3}
 23252 | D:13     | Found a runed translucent door.
 24316 | D:14     | Found a gate to the Vaults.
 24792 | D:14     | Reached skill level 15 in Fighting
 24867 | D:14     | Reached XP level 16. HP: 113/122 MP: 16/16
 24981 | D:15     | Entered Level 15 of the Dungeon
 25588 | D:15     | Noticed Agnes
 25602 | D:15     | Reached skill level 13 in Shields
 25725 | D:15     | Killed Agnes
 25761 | D:15     | Found a staircase to the Depths.
 25840 | D:15     | Found a white marble altar of Elyvilon.
 26040 | D:15     | Reached skill level 14 in Shields
 26686 | D:13     | Identified the +1 cloak "Wuheasag" {rN+ rCorr}
 26978 | Swamp:1  | Entered Level 1 of the Swamp
 27445 | Swamp:1  | Reached skill level 15 in Shields
 27449 | Swamp:1  | Paralysed by a hornet for 1 turns
 28374 | Swamp:2  | Identified a ring of Vehumet's Castigation {MP+9 Str+5}
 29298 | Swamp:2  | Reached XP level 17. HP: 127/127 MP: 17/17
 30418 | Swamp:3  | Reached skill level 15 in Short Blades
 31952 | Swamp:3  | Reached skill level 16 in Shields
 32408 | Swamp:2  | Got the Vellum of the Variable Charnel House
 32508 | Swamp:4  | Entered Level 4 of the Swamp
 33036 | Swamp:4  | Reached skill level 1 in Throwing
 34000 | Swamp:4  | Noticed the 27-headed Lernaean hydra
 34044 | Swamp:4  | HP: 2/127 [the 27-headed Lernaean hydra (11)]
 34044 | Swamp:4  | Slain by the 27-headed Lernaean hydra

Illustrated notes

Levels and vault maps discovered:
D:1:      ncdulo_watergridlock, layout_loops_ring, corexii_leaking_fountain,
          serial_bayou_lake_a
D:2:      layout_basic, minmay_tetromino_t2
D:3:      layout_rooms, eat_drink_and_be_merry_uskayaw, nicolae_shop_vocational,
          uniq_jessica, uniq_grinder
D:4:      layout_loops_ring, grunt_temple_overflow_order_and_chaos_2,
          mainiacjoe_sewer_entry_somewhere_in_here_2, guppyfry_shop_venom
D:5:      layout_basic, uniq_crazy_yiuf_cottage, uniq_blork_the_orc
D:6:      layout_cave_pools
D:7:      layout_layer_cave, gammafunk_temple_overflow_forgotten,
          regret_index_kikubaaqudgha_part_by_part, minmay_temple_entry_junction,
          uniq_maggie
D:8:      layout_loops_ring, uniq_psyche
D:9:      layout_loops_ring, nicolae_shop_i_like_big_books, nicolae_custom_books
D:10:     layout_long_grid, kennysheep_little_box, biasface_ghost_orc_armoury,
          grunt_decor_junction
D:11:     minmay_mutant_horseshoe, layout_loops_corners, erik_lair_island,
          david_orc_1_choice, gammafunk_ghost_grave
D:12:     layout_roguey, serial_bayou_pond_e, minmay_starry_boxes
D:13:     mludivico_vault, layout_loops_corners
D:14:     layout_basic, hangedman_vaults_entry_quadrant_bands
D:15:     hangedman_depths_entry_try_elsewhere_first, layout_long_grid,
          serial_co_window_serial, co_window_paths_b, co_window_corner_a,
          co_window_paths_b, co_window_paths_b, co_window_of_opportunity_a,
          co_window_paths_a, co_window_paths_a, co_window_broadway_b,
          co_window_corner_b, co_window_paths_c, co_window_broadway_c,
          co_window_4corner_b, glass_columns_a, glass_columns_a,
          chequers_serial_rivers_room_b, nicolae_elyvilon_temple_path,
          uniq_agnes
Temple:   compressed_dpeg_circular_temple
Lair:1:   layout_layer_cave, basic_altar, infiniplex_staircase_pool_2,
          uniq_fannar
Lair:2:   layout_concentric_octagons, minmay_snake_entry_guardpost_small
Lair:3:   layout_cave_shapes, palyth_hydra_swamp_entry, hangedman_tree_tricks
Lair:4:   layout_regular_city, nicolae_slime_entry_field_trip,
          hellmonk_ghost_happy_afterlife, gauntlet_entry_generic
Lair:5:   evilmike_catoblepas_cave, layout_hall_layers,
          portal_ice_cave_entry_pillars_1
Swamp:1:  layout_basic_swamp, evilmike_swamp_ruin_house_2,
          nicolae_swamp_tree_isthmus
Swamp:2:  regret_index_all_hallows'_manor, layout_falls_marsh,
          evilmike_swamp_ruin_house_1, swamp_pool_1_2
Swamp:3:  nzn_winding_woodlands_medium [nzn_winding_woodlands_5x5_open_star,
          nzn_winding_woodlands_5x15_twine, nzn_winding_woodlands_5x5_perimeter,
          nzn_winding_woodlands_5x5_three, nzn_winding_woodlands_center_lodge,
          nzn_winding_woodlands_5x5_default,
          nzn_winding_woodlands_5x5_closed_star,
          nzn_winding_woodlands_5x15_concentric,
          nzn_winding_woodlands_5x5_cross], layout_falls_marsh,
          evilmike_swamp_ruin_wall, nicolae_swamp_decorative_isthmus
Swamp:4:  swamp_old_school, layout_basic_swamp
Orc:1:    nicolae_orc_accident_3, layout_diamond_mine, uniq_jorgrun, uniq_urug
Orc:2:    grunt_orc_tribal_feast, layout_caves, serial_shops, shop

Skill      XL: |  1  2  3  4  5  6  7  8  9 10 11 12 13 14 15 16 17 |
---------------+----------------------------------------------------+-----
Stealth        | 7 8 10 15 | 15.0
Fighting       | 4 5 6 10 12 15 | 15.0
Shields        | 3 4 5 7 9 11 12 15 16 | 16.5
Dodging        | 3 5 6 10 12 13 15 | 15.0
Short Blades   | 5 9 10 12 13 15 | 15.0
Throwing       | 4 |  4.5

Action                     |  1- 3 |  4- 6 |  7- 9 | 10-12 | 13-15 | 16-18 || total
---------------------------+-------+-------+-------+-------+-------+-------++-------
  Melee: Short sword       |    53 |   125 |   231 |   471 |  1366 |  1026 ||  3272
         Constrict         |     8 |    20 |    36 |    36 |   125 |    77 ||   302
         Tentacles         |     5 |    12 |    61 |   136 |   499 |   389 ||  1102
         Punch             |     1 |     2 |     7 |     7 |    43 |    16 ||    76
  Throw: Javelin           |       |       |    25 |    41 |    58 |    33 ||   157
         Dart              |       |       |       |     6 |     3 |       ||     9
 Invoke: Call Merchant     |       |       |       |     2 |     1 |     1 ||     4
  Evoke: Wand              |     1 |       |    10 |    19 |    18 |    15 ||    63
         Phantom mirror    |       |       |       |       |     2 |     1 ||     3
    Use: Scroll            |     1 |     8 |     4 |    23 |    21 |    13 ||    70
         Potion            |     1 |     3 |     5 |     9 |    13 |    14 ||    45
   Stab: Sleeping          |    12 |    31 |    16 |    25 |    46 |    37 ||   167
         Invisible         |       |       |     3 |     3 |       |     5 ||    11
         Paralysed         |       |       |       |     1 |     1 |       ||     2
         Distracted        |       |       |       |     1 |    11 |    10 ||    22
         Petrified         |       |       |       |     1 |     1 |     1 ||     3
 Armour: Skin              |    15 |    34 |    44 |    88 |   191 |   182 ||   554
  Dodge: Dodged            |    24 |    41 |    80 |   123 |   324 |   260 ||   852
  Block: Buckler           |       |    16 |    63 |    95 |   307 |   286 ||   767
         Reflection        |       |     1 |     6 |     6 |    46 |    40 ||    99
